 Dungeon Crawl Stone Soup version 0.21-a0-531-gacddea6 (webtiles) character file.

150 slep the Chopper (level 5, 0/39 HPs)
             Began as a Vine Stalker Gladiator on Dec 13, 2017.
             Succumbed to a worker ant's poison
             ... on level 4 of the Dungeon.
             The game lasted 00:05:27 (2184 turns).

slep the Chopper (Vine Stalker Gladiator)           Turns: 2184, Time: 00:05:28

Health: 0/39       AC: 22    Str: 18    XL:     5   Next: 32%
Magic:  1/6        EV:  2    Int: 13    God:
Gold:   221        SH:  0    Dex: 15    Spells: 4/4 levels left

rFire    . . .     SeeInvis .   a - +0 war axe
rCold    . . .     Gourm    .   (no shield)
rNeg     + + +     Faith    .   (armour currently unavailable)
rPois    +         Spirit   +   (helmet currently unavailable)
rElec    .         Reflect  .   (cloak currently unavailable)
rCorr    .         Harm     .   (gloves currently unavailable)
MR       .....     NoTele   +   (boots currently unavailable)
Stlth    ++........             w - amulet of guardian spirit
HPRegen  0.53/turn              p - ring of flight
MPRegen  0.10/turn              (no ring)

@: brilliant, lethally poisoned (0 -> -2), tree-form
A: regeneration 1, magic shield, no potion heal 3, rot immunity
a: no special abilities


You were on level 4 of the Dungeon.
You were very hungry.
You were a tree.
You visited 1 branch of the dungeon, and saw 4 of its levels.

You collected 221 gold pieces.

Inventory:

Hand Weapons
 a - a +0 war axe (weapon)
Missiles
 d - 3 throwing nets (quivered)
 m - 5 tomahawks
 v - 8 javelins
Armour
 b - a +0 leather armour (melded)
 c - a +0 helmet (melded)
Jewellery
 p - a ring of flight (left branch)
 w - an amulet of guardian spirit (around neck)
Scrolls
 e - 5 scrolls of identify {unknown}
 k - a scroll of random uselessness {unknown}
 l - a scroll of remove curse {unknown}
 o - a scroll of enchant armour {unknown}
 s - a scroll of magic mapping {unknown}
 x - a scroll of immolation {unknown}
 y - a scroll of fog {unknown}
 z - a scroll of noise {unknown}
Potions
 j - a potion of invisibility {unknown}
 n - a potion of haste {unknown}
 q - a potion of lignification
 r - a potion of degeneration {unknown}
 u - a potion of curing {unknown}
 B - 2 potions of mutation {unknown}
Comestibles
 f - 5 bread rations
 g - a meat ration
 t - a fruit
 A - a royal jelly


   Skills:
 + Level 2.3 Fighting
 + Level 4.1 Axes
 + Level 1.8 Throwing
 + Level 1.3 Armour
 + Level 3.0 Dodging
 + Level 1.1 Stealth


You had 4 spell levels left.
You didn't know any spells.

Dungeon Overview and Level Annotations

Branches:
Dungeon (4/15)
 Temple: D:4-7

Altars:
Nemelex Xobeh
Xom


Innate Abilities, Weirdness & Mutations

((You have extremely sharp teeth.))
Your natural rate of healing is unusually fast.
When hurt, damage is shared between your health and your magic reserves.
((Your bite disrupts and absorbs the magic of your enemies.))
Potions cannot restore your health.
You are immune to rotting.


Message History

Your bite misses the worker ant.
The worker ant is severely wounded.
* * * LOW HITPOINT WARNING * * *
You feel sick. The worker ant bites you.
It was a potion of lignification.
You turn into a tree.
Your +0 helmet melds into your body.
Your +0 leather armour melds into your body.
Your roots penetrate the ground.
* * * LOW HITPOINT WARNING * * *
You feel sick.
The worker ant bites you but does no damage.
The worker ant bites you.
* * * LOW HITPOINT WARNING * * *
It was a potion of heal wounds.
That seemed strangely inert.
* * * LOW HITPOINT WARNING * * *
You feel sick.
The worker ant bites you but does no damage.
It was a potion of brilliance.
You feel clever all of a sudden.
You die...

# #####.#.#
#..♣a.#.
###.###......
#.....#.###.#
#.#.#.#.#
#.......##..
#.#.#.......
#.....#.##.
##.##.#...
#.....# ###


You could see a worker ant.

Vanquished Creatures
  A scorpion (D:4)
  A bullfrog skeleton (D:4)
  A worker ant (D:4)
  An adder (D:3)
  An ooze (D:2)
  2 giant cockroaches
  6 goblins
  6 hobgoblins
  2 jackals (D:1)
  5 kobolds
  2 quokkas
  5 bats
  2 frilled lizards
  4 rats
39 creatures vanquished.

Notes
Turn   | Place    | Note
-------+----------+-------------------------------------------
     0 | D:1      | slep the Vine Stalker Gladiator began the quest for the Orb.
     0 | D:1      | Reached XP level 1. HP: 11/11 MP: 2/2
   179 | D:1      | Reached skill level 3 in Axes
   179 | D:1      | Reached XP level 2. HP: 15/15 MP: 3/3
   847 | D:2      | Found a shimmering altar of Xom.
   848 | D:2      | Found a shimmering altar of Xom.
   848 | D:2      | Found a shimmering altar of Xom.
   848 | D:2      | Found a shimmering altar of Xom.
   848 | D:2      | Found a shimmering altar of Xom.
  1090 | D:2      | Reached XP level 3. HP: 17/18 MP: 4/4
  1125 | D:2      | Found a shimmering altar of Xom.
  1583 | D:2      | Found a sparkling altar of Nemelex Xobeh.
  1589 | D:2      | Found a shimmering altar of Xom.
  2130 | D:4      | Gained mutation: Your natural rate of healing is unusually fast. [Vine Stalker growth]
  2130 | D:4      | Reached XP level 4. HP: 11/23 MP: 5/5
  2139 | D:4      | Reached skill level 4 in Axes
  2139 | D:4      | Reached skill level 1 in Armour
  2139 | D:4      | Reached skill level 1 in Stealth
  2139 | D:4      | Reached XP level 5. HP: 12/26 MP: 4/6
  2182 | D:4      | HP: 1/39 [worker ant (2)]
  2184 | D:4      | Succumbed to a worker ant's poison

Vault maps used:
D:1:      lemuel_arrival_cross, minmay_misc_feat_tower, minivault_26
D:2:      amethyst_overflow_temple_binary, xom_redecorated
D:3:      first_bread
D:4:      kennysheep_six_static_rooms, serial_glass, glass_columns_b,
          glass_columns_a, glass_columns_a, glass_columns_b, glass_columns_a,
          glass_columns_c, glass_columns_b, glass_columns_a, glass_columns_b,
          glass_columns_a, glass_columns_a, glass_columns_a, glass_columns_c,
          glass_columns_a, uniq_sigmund

Skill      XL: |  1  2  3  4  5 |
---------------+----------------+-----
Axes           | 3 4 |  4.1
Fighting       | 2 |  2.3
Armour         | 1 |  1.3
Stealth        | 1 |  1.1
Dodging        | 3 |  3.0
Throwing       | |  1.8

Action                   |  1- 3 |  4- 6 || total
-------------------------+-------+-------++-------
Melee: War axe           |    85 |    18 ||   103
       Bite              |    15 |     5 ||    20
  Use: Potion            |       |     3 ||     3
 Stab: Sleeping          |     1 |       ||     1
  Eat: Chunk             |     3 |       ||     3
Armor: Leather armour    |    24 |     6 ||    30
       Skin              |       |     2 ||     2
Dodge: Dodged            |    72 |    11 ||    83

Table legend:
 A = Spawn XP
 B = Non-spawn XP
 C = Spawn XP percentage of total XP
 D = Spawn monster count
 E = Non-spawn monster count
 F = Spawn count percentage of total count
 G = Total turns spent on level
                    A         B        C        D         E        F      G
               +---------+---------+-------+---------+---------+-------+---------
         Total |       0 |     215 |   0.0 |       0 |      39 |   0.0 |  2184
               +---------+---------+-------+---------+---------+-------+---------
           D:1 |       0 |      27 |   0.0 |       0 |      16 |   0.0 |   770
           D:2 |       0 |      22 |   0.0 |       0 |      11 |   0.0 |   864
           D:3 |       0 |      27 |   0.0 |       0 |       9 |   0.0 |   490
           D:4 |       0 |     139 |   0.0 |       0 |       3 |   0.0 |    60
               +---------+---------+-------+---------+---------+-------+---------
